 Dungeon Crawl Stone Soup version 0.24.0-125-gc4c63601f3 (webtiles) character file.

Game seed: 865818808508552440, levelgen mode: deterministic

40495 Edgeworth the Peltast (level 13, -8/181 HPs)
             Began as a Deep Dwarf Fighter on Feb 25, 2020.
             Was the Champion of Okawaru.
             Killed by divine providence
             ... invoked by a meliai
              (9 damage)
             ... on level 12 of the Dungeon.
             The game lasted 00:45:33 (13727 turns).

Edgeworth the Peltast (Deep Dwarf Fighter)         Turns: 13727, Time: 00:45:34

Health: -8/181     AC: 21    Str: 29    XL:     13   Next: 74%
Magic:  0/0        EV:  8    Int:  6    God:    Okawaru [******]
Gold:   1055       SH: 32    Dex: 16    Spells: 12/12 levels left

rFire    + + +     SeeInvis +   y - +9 hand axe (flame)
rCold    + + +     Gourm    .   t - +10 large shield of Ignorance {rN+ Int-4}
rNeg     + . .     Faith    .   M - +0 plate armour {rC+}
rPois    +         Spirit   +   b - +2 helmet
rElec    +         Reflect  .   r - scarf {rC+ rF+}
rCorr    +         Harm     .   L - +0 pair of gloves of the Rabble {rF+ Dex+4}
MR       .....                  K - +0 pair of boots
Stlth    ..........             P - amulet of Exhibitionism {Spirit rElec MR- Slay+5 SInv}
HPRegen  0.00/turn              p - ring of stealth
MPRegen  0.07/turn              (no ring)

@: berserking (expiring), resistant, non-regenerating, very quick
A: damage resistance, heal wounds, sense surroundings 2, no regeneration
a: Heal Wounds, Heroism, Finesse, Renounce Religion


You were on level 12 of the Dungeon.
You worshipped Okawaru.
Okawaru was exalted by your worship.
You were not hungry.

You visited 4 branches of the dungeon, and saw 21 of its levels.
You also visited: Gauntlet.

You collected 1280 gold pieces.
You spent 225 gold pieces at shops.

Inventory:

Hand Weapons
 y - a +9 hand axe of flaming (weapon)
Armour
 b - a +2 helmet (worn)
 m - a +2 pair of gloves of strength
 r - a scarf of resistance (worn)
 t - the +10 large shield of Ignorance (worn) {rN+ Int-4}
   (You found it on level 10 of the Dungeon)

   It affects your intelligence (-4).
   It protects you from negative energy.
 D - a +2 pair of gloves
 K - a +0 pair of boots (worn)
 L - the +0 pair of gloves of the Rabble (worn) {rF+ Dex+4}
   (You found it on level 11 of the Dungeon)

   It affects your dexterity (+4).
   It protects you from fire.
 M - a +0 plate armour of cold resistance (worn)
Jewellery
 p - a ring of stealth (left hand)
 P - the amulet of Exhibitionism (around neck) {Spirit rElec MR- Slay+5 SInv}
   (You found it in a Gauntlet)

   [amulet of guardian spirit]

   It causes incoming damage to be split between your health and magic.
   It affects your accuracy and damage with ranged weapons and melee attacks
   (+5).
   It insulates you from electricity.
   It affects your resistance to hostile enchantments.
   It lets you see invisible.
Wands
 e - a wand of polymorph (12)
 j - a wand of disintegration (27)
 v - a wand of iceblast (17)
 w - a wand of paralysis (12)
 B - a wand of digging (5)
Scrolls
 a - 2 scrolls of fog
 i - 5 scrolls of amnesia
 l - 9 scrolls of remove curse
 n - a scroll of enchant weapon
 o - 9 scrolls of teleportation
 q - 4 scrolls of identify
 s - 6 scrolls of magic mapping
 A - 3 scrolls of fear
 E - a scroll of summoning
Potions
 d - 2 potions of might
 g - 6 potions of curing
 h - 2 potions of magic
 k - 3 potions of brilliance
 z - a potion of haste
 F - 4 potions of flight
 I - a potion of agility
Comestibles
 f - 17 rations


   Skills:
 + Level 9.4 Fighting
 + Level 14.7 Axes
 + Level 10.4 Armour
 + Level 3.6 Dodging
 + Level 15.3 Shields


You had 12 spell levels left.
You didn't know any spells.
Your spell library contained the following spells:

 Spells                   Type           Power        Failure   Level  Hunger
 Animate Skeleton         Necr           N/A          100%        1    ##.....
 Apportation              Tloc           #.....       100%        1    ##.....
 Confusing Touch          Hex            #.....       100%        1    ##.....
 Sting                    Conj/Pois      #...         100%        1    ##.....
 Summon Small Mammal      Summ           #...         100%        1    ##.....
 Sublimation of Blood     Necr           #.........   100%        2    ###....
 Ignite Poison            Fire/Tmut/Pois #.......     100%        3    ####...
 Agony                    Necr           #.......     100%        5    ######.
 Dispel Undead            Necr           #.......     100%        5    ######.
 Fireball                 Conj/Fire      #.........   100%        5    ######.
 Bolt of Fire             Conj/Fire      #.........   100%        6    #######
 Ring of Flames           Chrm/Fire      #.........   100%        7    #######
 Ignition                 Fire           #.........   100%        8    #######


Dungeon Overview and Level Annotations

Branches:
Dungeon (12/15)            Temple (1/1) D:6            Lair (6/6) D:11
 Shoals (0/4) Lair:4        Snake (0/4) Lair:3        Slime (0/5) Lair:5
    Orc (2/2) D:10        Gauntlet (visited)
    Elf: Orc:2

Altars:
Ashenzari
Cheibriados
Dithmenos
Elyvilon
Fedhas
Gozag
Hepliaklqana
Kikubaaqudgha
Makhleb
Nemelex Xobeh
Okawaru
Qazlal
Ru
Sif Muna
Trog
Uskayaw
Vehumet
Wu Jian
Xom
Yredelemnul
Zin
The Shining One
Beogh

Shops:
D:6 [   D:7 %   D:11 =

Portals:
Bailey: Orc:1

Annotations:
D:10 1 runed translucent door, exclusion: 4 orange crystal statues
Lair:1 3 runed translucent doors, Curus's ghost, novice DrBe
Lair:6 exclusion: 4 oklob plants


Innate Abilities, Weirdness & Mutations

You are resistant to damage.
You can heal yourself by infusing magical energy.
You passively map the area around you.
You do not regenerate.


Message History

Okawaru accepts your kill.
The meliai invokes the aid of its god against you.
Something smites you!
* * * LOW HITPOINT WARNING * * *
You slice the killer bee!! You burn the killer bee!
You kill the killer bee!
Okawaru accepts your kill.
You slash the killer bee! You burn the killer bee!
You kill the killer bee!
Okawaru accepts your kill.
The meliai calls down the wrath of its god upon you.
Something smites you!
* * * LOW HITPOINT WARNING * * *
You are too berserk!
You slash the killer bee! You burn the killer bee.
You kill the killer bee!
Okawaru accepts your kill.
The meliai calls down the wrath of its god upon you.
Something smites you!
You die...

#.# #####.#########...
#.# #.# #### #.# #.# #
#.# #.# , #.# #.. , #
#####'### * ###+#* , ,
.*#.......#### * y.%.. ,
*
^,+.....(.'..#####yyy..%
*
*##.......##....@)yyy...,
* *
#.......########y%o%.. *
#.......# ##'## *
#.....).# , ###.....# *
#####.# * * ,,... * ,<.#
* * ..#


You could see a queen bee, 2 meliai, 5 killer bees and an orc.

Vanquished Creatures
  A minotaur (Gauntlet)
  A blizzard demon (Gauntlet)
  Snorg (D:11)
  5 hydras
  Erolcha (D:11)
  A centaur warrior (D:11)
  A hell hog (Gauntlet)
  A two-headed ogre (D:12)
  Sonja (Lair:6)
  An unseen horror (D:11)
  Pikel (D:7)
  A deep elf mage (D:12)
  An oklob plant (Lair:5)
  2 ugly things
  An elephant (D:11)
  4 black mambas
  A molten gargoyle (Lair:6)
  10 spiny frogs
  A rime drake (Lair:3)
  8 komodo dragons
  An ice devil (Gauntlet)
  A meliai (D:12)
  3 trolls
  A polar bear (Lair:1)
  A hornet (D:7)
  8 blink frogs
  7 hippogriffs
  4 dream sheep (Lair:6)
  A spriggan (D:7)
  4 wyverns
  2 vampires (D:12)
  4 fire bats (Gauntlet)
  25 yaks
  2 basilisks
  2 humans (D:8)
  A hungry ghost (D:10)
  2 wargs (Orc:1)
  16 water moccasins
  6 porcupines
  4 hell hounds
  3 ice beasts
  4 sky beasts
  8 orc warriors
  A black bear (Lair:1)
  6 phantoms
  A slave (D:7)
  8 ogres
  2 necrophages
  3 centaurs (D:9)
  A big kobold (D:8)
  7 crocodiles
  13 bullfrogs
  2 gnoll sergeants
  A water moccasin skeleton (D:6)
  3 scorpions
  20 killer bees
  7 howler monkeys
  4 crimson imps
  A lava snake (Lair:1)
  3 bullfrog zombies
  A centaur zombie (D:7)
  2 quasits (D:12)
  8 orc priests
  9 jellies
  4 hounds
  A bullfrog skeleton (D:4)
  11 orc wizards
  2 centaur skeletons (D:5)
  Jessica (D:3)
  4 iguanas
  4 hell rats (Lair:5)
  10 worker ants
  2 killer bee zombies
  A hound zombie (D:7)
  2 worker ant zombies
  14 adders
  9 gnolls
  A howler monkey skeleton (D:10)
  3 shadow imps
  12 white imps (Lair:2)
  6 oozes
  An adder zombie (D:8)
  2 adder skeletons
  3 worms
  7 leopard geckos
  48 orcs
  9 giant cockroaches
  17 goblins
  7 hobgoblins
  15 jackals
  5 quokkas
  2 ball pythons (D:1)
  7 bats
  3 frilled lizards
  A jackal zombie (D:6)
  10 kobolds
  A leopard gecko skeleton (D:5)
  A quokka skeleton (D:4)
  A quokka zombie (D:6)
  5 rats
  A fungus (Lair:5)
  2 plants (Lair:5)
492 creatures vanquished.

Vanquished Creatures (others)
  A hungry ghost (D:7)
  A slave (D:7)
  A shadow imp (D:7)
  5 demonic plants (Gauntlet)
  4 fungi
  8 plants
20 creatures vanquished.

Grand Total: 512 creatures vanquished

Notes
Turn   | Place    | Note
-------+----------+-------------------------------------------
     0 | D:1      | Edgeworth the Deep Dwarf Fighter began the quest for the
                  | Orb.
     0 | D:1      | Reached XP level 1. HP: 20/20 MP: 1/1
    91 | D:1      | Reached XP level 2. HP: 27/27 MP: 2/2
   445 | D:1      | Reached XP level 3. HP: 30/33 MP: 3/3
  1080 | D:2      | Found a bloodstained altar of Trog.
  1083 | D:2      | Found an ancient bone altar of Kikubaaqudgha.
  1090 | D:2      | Found an ornate altar of the Wu Jian Council.
  1091 | D:2      | Found a shimmering altar of Xom.
  1272 | D:3      | Reached skill level 4 in Shields
  1273 | D:3      | Reached XP level 4. HP: 28/42 MP: 4/4
  1487 | D:3      | Noticed Jessica
  1496 | D:3      | Killed Jessica
  1676 | D:4      | Reached XP level 5. HP: 17/49 MP: 5/5
  1808 | D:4      | Reached skill level 1 in Dodging
  1808 | D:4      | Reached XP level 6. HP: 53/56 MP: 5/5
  1890 | D:4      | Noticed an ice beast
  1907 | D:4      | Killed an ice beast
  1907 | D:4      | Reached skill level 5 in Axes
  2277 | D:4      | You fall into a shaft and drop 1 floor!
  2277 | D:5      | Entered Level 5 of the Dungeon
  2543 | D:5      | Reached XP level 7. HP: 30/63 MP: 6/6
  2564 | D:5      | Reached skill level 5 in Shields
  2806 | D:5      | Reached skill level 5 in Armour
  2921 | D:5      | Reached XP level 8. HP: 32/72 MP: 7/7
  3143 | D:6      | Found a staircase to the Ecumenical Temple.
  3211 | Temple   | Entered the Ecumenical Temple
  3239 | Temple   | Became a worshipper of Warmaster Okawaru
  3389 | D:6      | Reached skill level 6 in Shields
  3456 | D:6      | Found Puv Niqu's Antique Armour Shop.
  3461 | D:6      | Bought an embroidered cloak for 225 gold pieces
  3653 | D:6      | Reached * piety under Okawaru
  3659 | D:6      | Gained mutation: You passively map the area around you.
                  | [Deep Dwarf growth]
  3659 | D:6      | Reached XP level 9. HP: 59/80 MP: 7/7
  3937 | D:7      | Noticed Pikel
  3949 | D:7      | Found Myteekhleuwn's Food Shoppe.
  3987 | D:7      | Killed Pikel
  3987 | D:7      | Reached skill level 5 in Fighting
  3987 | D:7      | Reached skill level 7 in Shields
  4135 | D:7      | Reached skill level 10 in Axes
  4181 | D:7      | Reached ** piety under Okawaru
  4270 | D:7      | Found an opulent altar of Gozag.
  4723 | D:7      | Reached XP level 10. HP: 57/90 MP: 8/8
  4899 | D:8      | Found an iron altar of Okawaru.
  4923 | D:8      | Reached skill level 8 in Shields
  5209 | D:8      | Found a shimmering altar of Xom.
  5240 | D:8      | Reached *** piety under Okawaru
  6122 | D:10     | Entered Level 10 of the Dungeon
  6184 | D:10     | Found a runed translucent door.
  6190 | D:10     | Found the +10 large shield of Ignorance {rN+ Int-4}
  6195 | D:10     | Found a runed translucent door.
  6202 | D:10     | Noticed an orange crystal statue
  6202 | D:10     | Noticed an orange crystal statue
  6202 | D:10     | Noticed an orange crystal statue
  6202 | D:10     | Noticed an orange crystal statue
  6203 | D:10     | Noticed a two-headed ogre
  6281 | D:10     | Noticed a two-headed ogre
  6450 | D:10     | Reached **** piety under Okawaru
  6450 | D:10     | Reached skill level 9 in Shields
  6481 | D:10     | Found a staircase to the Orcish Mines.
  6552 | D:10     | Identified a scroll of acquirement
  6892 | D:11     | Found Momnegg's Jewellery Shoppe.
  7022 | D:11     | Noticed Snorg
  7052 | D:11     | Killed Snorg
  7052 | D:11     | Reached XP level 11. HP: 35/99 MP: 7/7
  7135 | D:11     | Identified the +3 robe of the Fife {*Contam Int+2 Dex+2}
  7139 | D:11     | Reached skill level 10 in Shields
  7144 | D:11     | Reached ***** piety under Okawaru
  7144 | D:11     | Received a gift from Okawaru
  7189 | D:11     | Noticed Erolcha
  7203 | D:11     | Killed an unseen horror
  7207 | D:11     | Noticed a centaur warrior
  7212 | D:11     | Noticed a purple ugly thing
  7215 | D:11     | Killed Erolcha
  7234 | D:11     | Killed a centaur warrior
  7234 | D:11     | Received a gift from Okawaru
  7237 | D:11     | Killed a purple ugly thing
  7252 | D:11     | Got a twisted great mace {god gift}
  7253 | D:11     | Identified the +8 great mace of Circularity {holy, rElec}
                  | (Okawaru gifted it to you on level 11 of the Dungeon)
  7279 | D:11     | Found a staircase to the Lair.
  7598 | D:11     | Got a pair of heavily runed gloves
  7609 | D:11     | Identified the +0 pair of gloves of the Rabble {rF+ Dex+4}
                  | (You found it on level 11 of the Dungeon)
  7658 | Lair:1   | Entered Level 1 of the Lair of Beasts
  7672 | Lair:1   | Reached skill level 11 in Shields
  7713 | Lair:1   | Found a gate leading to a gauntlet.
  7722 | Gauntlet | Entered a Gauntlet
  7722 | Gauntlet | Found a transporter.
  7722 | Gauntlet | Noticed a sixfirhy
  7728 | Gauntlet | Noticed a sixfirhy
  7732 | Gauntlet | Found a transporter.
  7732 | Gauntlet | Noticed a sixfirhy
  7734 | Gauntlet | Found a transporter.
  7737 | Gauntlet | Found a transporter.
  7742 | Gauntlet | Noticed a blizzard demon
  7746 | Gauntlet | Found a transporter.
  7747 | Gauntlet | Found a transporter.
  7756 | Gauntlet | Noticed a hell hog
  7756 | Gauntlet | Noticed an orange crystal statue
  7765 | Gauntlet | Noticed a cacodemon
  7768 | Gauntlet | Found a transporter.
  7769 | Gauntlet | Found a transporter.
  7772 | Gauntlet | Found a transporter.
  7773 | Gauntlet | Found a transporter.
  7774 | Gauntlet | Noticed a fire crab
  7783 | Gauntlet | Found a transporter.
  7906 | Gauntlet | Killed a blizzard demon
  7943 | Gauntlet | Found a transporter.
  7960 | Gauntlet | Killed a hell hog
  7960 | Gauntlet | Reached skill level 12 in Shields
  7975 | Gauntlet | Identified the Grimoire of Unholy Intoxication
  7983 | Gauntlet | Noticed a minotaur
  7998 | Gauntlet | Killed a minotaur
  7998 | Gauntlet | Received a gift from Okawaru
  8050 | Gauntlet | Got an ancient emerald amulet
  8065 | Lair:1   | Identified the amulet of Exhibitionism {Spirit rElec MR-
                  | Slay+5 SInv} (You found it in a Gauntlet)
  8084 | Lair:1   | Reached XP level 12. HP: 32/109 MP: 0/6
  8244 | Lair:1   | Noticed an ice dragon
  8264 | Lair:1   | Found a runed translucent gate.
  8264 | Lair:1   | Found a runed translucent gate.
  8264 | Lair:1   | Found a runed translucent gate.
  8532 | Lair:1   | Noticed Curus's ghost (novice DrBe)
  9110 | Lair:2   | Noticed a five-headed hydra
  9231 | Orc:1    | Entered Level 1 of the Orcish Mines
  9254 | Orc:1    | Reached ****** piety under Okawaru
  9311 | Orc:1    | Received a gift from Okawaru
  9391 | Orc:1    | Found a flagged portal.
  9535 | Orc:1    | Found a roughly hewn altar of Beogh.
  9645 | Orc:2    | Entered Level 2 of the Orcish Mines
  9645 | Orc:2    | Noticed a stone giant
  9758 | Lair:2   | Killed a one-headed hydra
 10038 | Lair:2   | Reached skill level 13 in Shields
 10093 | Lair:2   | You fall into a shaft and drop 1 floor!
 10731 | Lair:3   | Found a staircase to the Snake Pit.
 11214 | Lair:4   | Found a staircase to the Shoals.
 11810 | Lair:5   | Noticed an eight-headed hydra
 11823 | Lair:5   | Killed a three-headed hydra
 11823 | Lair:5   | Reached XP level 13. HP: 63/118 MP: 0/6
 12241 | Lair:5   | Found a staircase to the Slime Pits.
 12582 | Lair:6   | Entered Level 6 of the Lair of Beasts
 12592 | Lair:6   | Reached skill level 14 in Shields
 12603 | Lair:6   | Noticed Sonja
 12621 | Lair:6   | Killed Sonja
 12738 | Lair:6   | Received a gift from Okawaru
 12738 | Lair:6   | Reached skill level 10 in Armour
 12914 | Lair:6   | HP: 6/121 [acid (10)]
 13496 | D:12     | Reached skill level 15 in Shields
 13724 | D:12     | HP: 7/181 [meliai/divine providence (9)]
 13726 | D:12     | HP: 1/181 [meliai/divine providence (6)]
 13727 | D:12     | Killed from afar by a meliai

Levels and vault maps discovered:
D:1:      minmay_arrival_cross, layout_loops_ring
D:2:      layout_loops_ring, minitemple
D:3:      layout_rooms, uniq_jessica
D:4:      layout_gridville, first_ration
D:5:      layout_loops_ring
D:6:      wad_crossroads, layout_rooms, minmay_temple_entry_trees, serial_shops,
          shop
D:7:      layout_basic, serial_shops, shop, the_bakery, grunt_gozag_breadcrumbs,
          uniq_pikel
D:8:      layout_loops_cross, basic_altar, okawaru_humans
D:9:      layout_basic
D:10:     layout_loops_ring, david_orc_2, chequers_guarded_unrand_ignorance
D:11:     layout_basic, david_lair_generic, serial_shops, shop_fountains,
          minmay_fractal_squares_gapless_5, uniq_snorg, uniq_erolcha
D:12:     layout_roguey [special_room_bee], uniq_jorgrun
Temple:   compressed_dpeg_circular_temple
Lair:1:   layout_gridlike, gammafunk_ghost_icy, gauntlet_entry_generic,
          chequers_serial_rivers_small_a, minmay_holes, gammafunk_lair_bear_cave
Lair:2:   layout_regular_city, portal_ice_cave_entry_imps, serial_forest,
          infiniplex_forest_corner_1, infiniplex_forest_clump_diagonal,
          infiniplex_forest_clump_long, infiniplex_forest_straight_3,
          infiniplex_forest_end_3, infiniplex_forest_clump_small,
          infiniplex_forest_clump_curved, infiniplex_forest_clump_tiny,
          infiniplex_forest_clump_diagonal, infiniplex_forest_corner_2
Lair:3:   layout_roguey, guppyfry_snake_entry_garden, lemuel_fruit_fields
Lair:4:   layout_roguey, shoals_dummy_entry
Lair:5:   layout_long_grid, nicolae_slime_entry_slimehenge, lookout_lair_type,
          minmay_lair_oklob_items, st_stairs_11, serial_bayou_lagoon_a
Lair:6:   cheibrodos_lair_end_hotspot, layout_regular_city,
          minmay_lair_oklob_chamber, uniq_sonja
Orc:1:    layout_caves, basic_altar, enter_bailey_3, minmay_orc_temple_b
Orc:2:    st_orc_rangers, layout_diamond_mine

Skill      XL: |  1  2  3  4  5  6  7  8  9 10 11 12 13 |
---------------+----------------------------------------+-----
Fighting       | 3 4 5 6 7 8 9 |  9.4
Axes           | 3 4 5 7 9 10 12 13 14 | 14.7
Shields        | 4 5 6 7 9 12 13 15 | 15.3
Armour         | 4 5 6 7 8 9 10 | 10.4
Dodging        | 1 2 3 |  3.6

Action                   |  1- 3 |  4- 6 |  7- 9 | 10-12 | 13-15 || total
-------------------------+-------+-------+-------+-------+-------++-------
Melee: War axe           |   124 |   162 |   462 |   354 |       ||  1102
       Hand axe          |       |       |       |   550 |   311 ||   861
 Abil: Heal Wounds       |       |     2 |     9 |    29 |     7 ||    47
  Use: Scroll            |       |       |     9 |    28 |     1 ||    38
       Potion            |       |       |       |     4 |     9 ||    13
  Eat: Chunk             |     1 |     4 |    11 |     4 |       ||    20
       Ration            |       |       |       |     8 |     2 ||    10
Armor: Scale mail        |    56 |    66 |    18 |       |       ||   140
       Chain mail        |       |       |    69 |       |       ||    69
       Plate armour      |       |       |   153 |   318 |    54 ||   525
Dodge: Dodged            |    33 |    47 |   142 |   140 |    23 ||   385
Block: Shield            |    74 |    88 |   256 |   180 |       ||   598
       Large shield      |       |       |       |   692 |   276 ||   968
